 Seeded DCSS version 0.31-a0-844-gdc52ec4e09 (webtiles) character file.

Game seed: 4650116273386822121 (custom seed)

12463 qw the Skirmisher (level 11, -14/71 HPs)
             Began as a Gargoyle Hunter on Sept 29, 2023.
             Was a High Priest of Okawaru.
             Demolished by Harold
             ... wielding a +0 glaive
              (28 damage)
             ... on level 10 of the Dungeon.
             The game lasted 00:05:12 (7469 turns).

qw the Skirmisher (Gargoyle Hunter)                 Turns: 7469, Time: 00:05:12

Health: -14/71     AC: 21    Str: 14    XL:     11   Next: 93%
Magic:  15/18      EV: 18    Int: 11    God:    Okawaru [*****.]
Gold:   346        SH:  0    Dex: 17    Spells: 10/10 levels left

rFire   . . .        b - +3 orcbow (chaos)
rCold   . . .        (shield currently unavailable)
rNeg    + . .        m - +3 leather armour
rPois   inf          (no helmet)
rElec   +            q - +2 cloak
rCorr   .            s - +0 pair of gloves
SInv    .            k - +2 pair of boots
Will    .....        h - amulet of regeneration
Stlth   ++           f - +5 ring of evasion
HPRegen 1.11/turn    (no ring)
MPRegen 0.16/turn

%: no passive effects
@: finesse-ful
A: sickness immunity, AC +8, negative energy resistance 1, electricity
resistance, torment resistance 1, petrification resistance
a: Renounce Religion, Heroism, Finesse, Duel


You were on level 10 of the Dungeon.
You worshipped Okawaru.
Okawaru was extremely pleased with you.
You visited 2 branches of the dungeon, and saw 11 of its levels.

You collected 598 gold pieces.
You spent 252 gold pieces at shops.


Innate Abilities, Weirdness & Mutations

You are immune to sickness and miasma.
Your stone body is resilient. (AC +8)
You are immune to poison.
You resist negative energy. (rN+)
You are resistant to electric shocks. (rElec)
You are resistant to unholy torment.
You are immune to petrification.


   Skills:
 - Level 9.0 Fighting
 + Level 13.8 Ranged Weapons
 - Level 3.1 Armour
 - Level 4.0 Dodging
 - Level 1.1 Stealth
 - Level 10.0 Invocations


You had 10 spell levels left.
You didn't know any spells.
Your spell library was empty.

Inventory:

Hand Weapons
 b - a +3 orcbow of chaos (weapon)
Armour
 g - a +0 robe of fire resistance
 k - a +2 pair of boots (worn)
 m - a +3 leather armour (worn)
 q - a +2 cloak (worn)
 s - a +0 pair of gloves (worn)
Jewellery
 f - a +5 ring of evasion (left hand)
 h - an amulet of regeneration (around neck)
Scrolls
 d - 2 scrolls of identify
Potions
 a - 2 potions of haste
 c - 4 potions of might
 l - 3 potions of enlightenment
 n - a potion of magic
 o - a potion of cancellation
 p - a potion of invisibility {unknown}

Dungeon Overview and Level Annotations

Branches:
Dungeon (10/15)            Temple (1/1) D:4
   Lair: D:8-11         Orc: D:9-12

Altars:
Ashenzari
Cheibriados
Dithmenos
Elyvilon
Fedhas
Gozag
Hepliaklqana
Kikubaaqudgha
Makhleb
Nemelex Xobeh
Okawaru
Qazlal
Ru
Trog
Uskayaw
Vehumet
Wu Jian
Xom
Yredelemnul
Zin
The Shining One

Shops:
D:2 (   D:8 ?

Annotations:
D:8 4 runed translucent doors, qwqw's ghost, journeyman DsFi
D:10 Harold


Message History

You become entangled in the net!
You struggle against the net.
Harold fires a harpoon shot at you. The harpoon shot hits you.
You are yanked forward by the harpoon shot.
You shoot an arrow. The arrow hits Harold.
Harold is lightly wounded.
You shoot an arrow. The arrow barely misses Harold.
You shoot an arrow. The arrow hits Harold.
Harold is lightly wounded.
Harold hits you with a +0 glaive!
You shoot an arrow.
The arrow hits Harold but does no damage.
Harold suddenly seems more resistant.
Harold is lightly wounded.
You shoot an arrow. The arrow hits Harold!
The arrow burns Harold.
Harold is moderately wounded.
Harold hits you with a +0 glaive!
You shoot an arrow. The arrow hits Harold.
Harold goes berserk!
Harold is heavily wounded.
You shoot an arrow. The arrow hits Harold.
Harold's magic leaks into the air.
Harold is heavily wounded.
Harold barely misses you.
You shoot an arrow. The arrow barely misses Harold.
Harold hits you with a +0 glaive!!
7466 ||| DRINKING 2 potions of heal wounds.
You feel much better. Harold hits you with a +0 glaive!!
7467 ||| DRINKING potion of heal wounds.
You feel much better.
Harold's magic is no longer disrupted.
Harold barely misses you. Harold hits you with a +0 glaive!!
You shoot an arrow.
The arrow hits Harold but does no damage.
Nothing appears to happen.
Harold is heavily wounded.
You shoot an arrow. The arrow barely misses Harold.
Harold hits you with a +0 glaive!!
You die...
Harold says, "Time to retire."

.......# ####.### .#
#.##### ####.####
#.....# #.......#
#####.# #.......#
#######'## #.......#
.........#### #.......#
.........'..###.@......
.........##..##@......#
.<.......###.(........#
.........# ####.......#
########## #########


You could see Harold (berserk, resistant).

Vanquished Creatures
  A two-headed ogre (D:10)
  Erica (D:10)
  Amaemon (D:10)
  A cyclops (D:9)
  A gargoyle (D:7)
  An orange demon (D:10)
  A cane toad (D:10)
  3 trolls (D:10)
  2 hornets
  Prince Ribbit (D:5)
  A shadow (D:9)
  3 wyverns
  20 yaks
  Menkaure (D:6)
  A steam dragon (D:9)
  2 acid dragons
  A water moccasin (D:7)
  2 black bears
  An orc warrior (D:7)
  2 sky beasts
  6 ogres
  3 centaurs
  6 kobold brigands
  2 bullfrogs
  A gnoll sergeant (D:7)
  3 scorpions
  14 wights
  3 killer bees (D:4)
  15 electric eels
  4 hounds
  A gnoll bouda (D:8)
  6 orc priests
  A sleepcap (D:4)
  4 iguanas
  4 orc wizards
  14 gnolls
  A river rat (D:3)
  6 adders
  A shadow imp (D:5)
  A white imp (D:6)
  3 worms
  3 dart slugs
  28 orcs
  11 endoplasms
  4 giant cockroaches
  5 goblins
  5 hobgoblins
  24 kobolds
  6 quokkas
  8 ball pythons
  5 bats
  2 frilled lizards
  3 rats
250 creatures vanquished.

Vanquished Creatures (others)
  An electric eel (D:9)
1 creature vanquished.

Grand Total: 251 creatures vanquished

Notes
Turn   | Place    | Note
-------+----------+-------------------------------------------
     0 | D:1      | qw the Gargoyle Hunter began the quest for the Orb.
     0 | D:1      | Reached XP level 1. HP: 12/12 MP: 1/1
     0 | D:1      | 0 ||| qw: Version: 0.3-a-95-ge8eda10
     0 | D:1      | 0 ||| qw: Game counter: 51
     0 | D:1      | 0 ||| qw: Melee chars always use a shield: true
     0 | D:1      | 0 ||| qw: God list: Okawaru
     0 | D:1      | 0 ||| qw: Allow faded altars: false
     0 | D:1      | 0 ||| qw: Do Orc after clearing Dungeon:15 true
     0 | D:1      | 0 ||| qw: Do second Lair branch before Depths: true
     0 | D:1      | 0 ||| qw: Lair rune preference: random
     0 | D:1      | 0 ||| qw: Goals: Normal, Save, Zot:1-4, Win
     0 | D:1      | 0 ||| PLANNING D:1-11
    59 | D:1      | Reached XP level 2. HP: 17/17 MP: 2/2
   222 | D:1      | Reached XP level 3. HP: 21/21 MP: 3/3
   253 | D:1      | Reached skill level 5 in Ranged Weapons
   578 | D:1      | 578 ||| UPGRADING to +5 ring of evasion.
   579 | D:1      | 579 ||| READING scroll labelled LAEHI BEGGOAT.
   580 | D:1      | 580 ||| READING scroll labelled VOLOR SAGATOHE.
   581 | D:1      | 581 ||| READING 2 scrolls labelled CINGURYQO.
   582 | D:1      | 582 ||| READING scroll labelled MYUHAFU AG VUH.
   598 | D:1      | 598 ||| READING scroll of identify.
   598 | D:1      | 598 ||| IDENTIFYING puce potion
   599 | D:1      | 599 ||| DROPPING scroll of butterflies.
   600 | D:1      | 600 ||| DROPPING potion of lignification.
   739 | D:2      | Reached skill level 3 in Fighting
   902 | D:2      | Found Likharch's Antique Weapon Boutique.
  1024 | D:2      | Found a shadowy altar of Dithmenos.
  1270 | D:2      | 1270 ||| UPGRADING to +0 ring mail.
  1280 | D:2      | 1280 ||| DROPPING +0 leather armour.
  1281 | D:2      | 1281 ||| UPGRADING to amulet of regeneration.
  1286 | D:2      | 1286 ||| READING scroll labelled CYDAUWIASM.
  1287 | D:2      | 1287 ||| READING scroll labelled LOUXEU DEVVOUQ.
  1291 | D:2      | 1291 ||| DRINKING 2 smoky green potions.
  1317 | D:3      | 1317 ||| PLANNING SEWER
  1353 | D:3      | Reached skill level 1 in Armour
  1353 | D:3      | Reached XP level 4. HP: 28/28 MP: 4/4
  1579 | D:3      | Found a hazy altar of Hepliaklqana.
  1665 | D:3      | Reached XP level 5. HP: 32/32 MP: 5/5
  2066 | D:3      | 2066 ||| RIP SEWER
  2080 | D:3      | 2080 ||| PLANNING D:1-11
  2080 | D:3      | 2080 ||| UPGRADING to +0 robe of fire resistance.
  2090 | D:3      | 2090 ||| DROPPING ring of wizardry.
  2091 | D:3      | 2091 ||| READING scroll labelled WITHROGRE SESOO.
  2092 | D:3      | 2092 ||| READING scroll labelled MAD CUJOEROMMYL.
  2093 | D:3      | 2093 ||| DRINKING 2 metallic coppery potions.
  2094 | D:3      | 2094 ||| READING scroll of identify.
  2094 | D:3      | 2094 ||| IDENTIFYING metallic sapphire potion
  2108 | D:4      | Noticed an ogre
  2112 | D:4      | 2112 ||| STAIRDANCE
  2117 | D:4      | 2117 ||| STAIRDANCE
  2123 | D:4      | Killed an ogre
  2124 | D:4      | Reached skill level 6 in Ranged Weapons
  2226 | D:4      | Reached XP level 6. HP: 37/37 MP: 6/6
  2439 | D:4      | Found a staircase to the Ecumenical Temple.
  2440 | D:4      | 2440 ||| PLANNING TEMPLE
  2440 | D:4      | 2440 ||| READING 2 scrolls labelled HEINAA XETHREG.
  2442 | D:4      | 2442 ||| READING scroll of enchant weapon.
  2442 | D:4      | 2442 ||| ENCHANTING +1 shortbow of draining.
  2443 | D:4      | 2443 ||| READING scroll labelled ZIS BOID SELUARCHY.
  2527 | Temple   | Entered the Ecumenical Temple
  2528 | Temple   | 2528 ||| PLANNING OKAWARU WORSHIP
  2536 | Temple   | Became a worshipper of Warmaster Okawaru
  2537 | Temple   | 2537 ||| PLANNING D:1-11
  2637 | D:4      | Identified the staff of Harmony {rElec rPois rF- rC++ Int+2
                  | Air}
  2645 | D:4      | Reached skill level 7 in Ranged Weapons
  2691 | D:4      | 2691 ||| RETREEAATING.
  2704 | D:4      | Reached XP level 7. HP: 30/43 MP: 7/7
  2855 | D:4      | 2855 ||| DROPPING +0 ring mail.
  2856 | D:4      | 2856 ||| UPGRADING to +0 pair of boots.
  2861 | D:4      | 2861 ||| UPGRADING to +3 leather armour.
  2871 | D:4      | 2871 ||| READING scroll labelled VUMIJU UFRO.
  2959 | D:5      | Entered Level 5 of the Dungeon
  3019 | D:5      | Reached * piety under Okawaru
  3035 | D:5      | Reached skill level 1 in Invocations
  3058 | D:5      | Found a sacrificial altar of Ru.
  3115 | D:5      | Found a sparkling altar of Nemelex Xobeh.
  3182 | D:5      | Reached skill level 8 in Ranged Weapons
  3280 | D:5      | Found an ornate altar of the Wu Jian Council.
  3297 | D:5      | Noticed Prince Ribbit
  3298 | D:5      | 3298 ||| INVOKING Heroism.
  3306 | D:5      | Killed Prince Ribbit
  3307 | D:5      | Reached skill level 3 in Invocations
  3307 | D:5      | Reached XP level 8. HP: 48/48 MP: 6/10
  3359 | D:5      | Noticed a +0 hand axe
  3359 | D:5      | Noticed a +0 hand axe
  3365 | D:5      | Found a hide-covered altar of Uskayaw.
  3511 | D:5      | 3511 ||| READING 2 scrolls labelled HAMNOCKA AXTY.
  3512 | D:5      | 3512 ||| READING scroll of enchant armour.
  3512 | D:5      | 3512 ||| ENCHANTING +0 pair of boots.
  3513 | D:5      | 3513 ||| READING 2 scrolls labelled FIDOHA UFAROM.
  3514 | D:5      | 3514 ||| DROPPING scroll of vulnerability.
  3559 | D:6      | 3559 ||| PLANNING D:1-11
  3635 | D:6      | 3635 ||| RETREEAATING.
  3650 | D:6      | 3650 ||| FLEEEEING.
  3651 | D:6      | 3651 ||| FLEEEEING.
  3652 | D:6      | 3652 ||| FLEEEEING.
  3653 | D:6      | 3653 ||| PLANNING D:1-11
  3653 | D:6      | 3653 ||| FLEEEEING.
  3654 | D:6      | 3654 ||| FLEEEEING.
  3655 | D:6      | 3655 ||| FLEEEEING.
  3656 | D:6      | 3656 ||| FLEEEEING.
  3657 | D:6      | 3657 ||| FLEEEEING.
  3658 | D:6      | Reached ** piety under Okawaru
  3659 | D:6      | Reached skill level 9 in Ranged Weapons
  3711 | D:6      | Noticed Menkaure
  3718 | D:6      | Killed Menkaure
  3719 | D:6      | Reached skill level 6 in Fighting
  3737 | D:6      | Reached XP level 9. HP: 55/55 MP: 12/12
  3754 | D:6      | 3754 ||| Stepping ~*~*~tactically~*~*~ (retreating).
  3757 | D:6      | 3757 ||| Stepping ~*~*~tactically~*~*~ (retreating).
  3760 | D:6      | 3760 ||| Stepping ~*~*~tactically~*~*~ (retreating).
  3761 | D:6      | 3761 ||| Stepping ~*~*~tactically~*~*~ (retreating).
  3783 | D:6      | 3783 ||| READING 3 scrolls labelled XASTRY LUUTSEL.
  3784 | D:6      | 3784 ||| DROPPING 2 scrolls of amnesia.
  3873 | D:6      | Reached skill level 10 in Ranged Weapons
  3945 | D:6      | Reached skill level 3 in Dodging
  4257 | D:6      | 4257 ||| DROPPING amulet of magic regeneration.
  4258 | D:6      | 4258 ||| DROPPING ring of magical power.
  4259 | D:6      | 4259 ||| READING scroll of identify.
  4259 | D:6      | 4259 ||| IDENTIFYING cyan potion
  4316 | D:7      | 4316 ||| SWAPPING to +0 orcbow.
  4331 | D:7      | 4331 ||| DROPPING +2 shortbow of draining.
  4342 | D:7      | 4342 ||| READING scroll of enchant armour.
  4342 | D:7      | 4342 ||| ENCHANTING +1 pair of boots.
  4349 | D:7      | 4349 ||| READING scroll of enchant weapon.
  4349 | D:7      | 4349 ||| ENCHANTING +0 orcbow.
  4444 | D:7      | 4444 ||| Stepping ~*~*~tactically~*~*~ (retreating).
  4450 | D:7      | Reached *** piety under Okawaru
  4532 | D:7      | 4532 ||| STAIRDANCE
  4562 | D:7      | 4562 ||| STAIRDANCE
  4575 | D:7      | 4575 ||| STAIRDANCE
  4664 | D:7      | Found a broken altar of Ashenzari.
  4741 | D:7      | Noticed a gargoyle
  4743 | D:7      | 4743 ||| INVOKING Heroism.
  4760 | D:7      | Killed a gargoyle
  4761 | D:7      | Reached skill level 11 in Ranged Weapons
  4813 | D:7      | 4813 ||| FLEEEEING.
  4825 | D:7      | 4825 ||| FLEEEEING.
  4835 | D:7      | 4835 ||| FLEEEEING.
  4845 | D:7      | 4845 ||| FLEEEEING.
  5020 | D:7      | Reached XP level 10. HP: 64/64 MP: 13/13
  5096 | D:7      | Reached **** piety under Okawaru
  5159 | D:7      | 5159 ||| UPGRADING to +1 cloak.
  5182 | D:8      | Found Baceyff's Magic Scroll Shoppe.
  5185 | D:8      | 5185 ||| READING scroll of enchant weapon.
  5185 | D:8      | 5185 ||| ENCHANTING +1 orcbow.
  5194 | D:8      | 5194 ||| SHOPLISTING 2 scrolls of acquirement (1144 gold,
                  | have 439).
  5194 | D:8      | 5194 ||| BUYING scroll of enchant armour (82 gold).
  5194 | D:8      | Bought a scroll of enchant armour for 82 gold pieces
  5194 | D:8      | 5194 ||| BUYING scroll of enchant weapon (82 gold).
  5194 | D:8      | Bought a scroll of enchant weapon for 82 gold pieces
  5194 | D:8      | 5194 ||| BUYING scroll of identify (22 gold).
  5194 | D:8      | Bought a scroll of identify for 22 gold pieces
  5194 | D:8      | 5194 ||| BUYING scroll of identify (22 gold).
  5194 | D:8      | Bought a scroll of identify for 22 gold pieces
  5194 | D:8      | 5194 ||| BUYING scroll of identify (22 gold).
  5194 | D:8      | Bought a scroll of identify for 22 gold pieces
  5194 | D:8      | 5194 ||| BUYING scroll of identify (22 gold).
  5194 | D:8      | Bought a scroll of identify for 22 gold pieces
  5198 | D:8      | 5198 ||| READING scroll of enchant armour.
  5198 | D:8      | 5198 ||| ENCHANTING +1 cloak.
  5199 | D:8      | 5199 ||| READING scroll of enchant weapon.
  5199 | D:8      | 5199 ||| ENCHANTING +2 orcbow.
  5278 | D:8      | 5278 ||| RETREEAATING.
  5280 | D:8      | 5280 ||| RETREEAATING.
  5403 | D:8      | 5403 ||| FLEEEEING.
  5407 | D:8      | 5407 ||| FLEEEEING.
  5408 | D:8      | 5408 ||| FLEEEEING.
  5409 | D:8      | 5409 ||| FLEEEEING.
  5422 | D:8      | 5422 ||| Stepping ~*~*~tactically~*~*~ (retreating).
  5469 | D:8      | 5469 ||| RETREEAATING.
  5470 | D:8      | 5470 ||| STILL RETREEAATING.
  5473 | D:8      | 5473 ||| STILL RETREEAATING.
  5478 | D:8      | Reached skill level 12 in Ranged Weapons
  5482 | D:8      | Reached ***** piety under Okawaru
  5483 | D:8      | Reached skill level 6 in Invocations
  5586 | D:8      | Found a runed translucent door.
  5586 | D:8      | Noticed a sixfirhy
  5632 | D:8      | Noticed qwqw's ghost (journeyman DsFi)
  5632 | D:8      | Noticed a nine-headed hydra
  5633 | D:8      | Found a runed translucent gate.
  5633 | D:8      | Found a runed translucent gate.
  5633 | D:8      | Found a runed translucent gate.
  5653 | D:8      | 5653 ||| READING 2 scrolls of brand weapon.
  5653 | D:8      | 5653 ||| BRANDING +3 orcbow.
  5654 | D:8      | 5654 ||| READING scroll of brand weapon.
  5654 | D:8      | 5654 ||| BRANDING +3 orcbow of draining.
  5669 | D:8      | Found a glowing silver altar of Zin.
  5987 | D:8      | 5987 ||| UPGRADING to +0 pair of gloves.
  5992 | D:8      | 5992 ||| DROPPING amulet of guardian spirit.
  5993 | D:8      | 5993 ||| DRINKING 3 green potions.
  5994 | D:8      | 5994 ||| DRINKING potion of curing.
  5994 | D:8      | 5994 ||| (to cure confusion)
  5995 | D:8      | 5995 ||| READING 4 scrolls of identify.
  5995 | D:8      | 5995 ||| IDENTIFYING murky inky potion
  5996 | D:8      | 5996 ||| READING 3 scrolls of identify.
  5996 | D:8      | 5996 ||| IDENTIFYING bubbling silvery potion
  5997 | D:8      | 5997 ||| READING 2 scrolls of identify.
  5997 | D:8      | 5997 ||| IDENTIFYING fuming dark potion
  5998 | D:8      | 5998 ||| READING scroll of identify.
  5998 | D:8      | 5998 ||| IDENTIFYING orange potion
  5999 | D:8      | 5999 ||| DROPPING potion of degeneration.
  6000 | D:8      | 6000 ||| DROPPING 2 potions of ambrosia.
  6027 | D:9      | 6027 ||| FLEEEEING.
  6029 | D:9      | 6029 ||| FLEEEEING.
  6031 | D:9      | 6031 ||| STAIRDANCE
  6127 | D:9      | 6127 ||| RETREEAATING.
  6132 | D:9      | Reached skill level 3 in Armour
  6150 | D:9      | Noticed a cyclops
  6151 | D:9      | 6151 ||| INVOKING Finesse.
  6156 | D:9      | 6156 ||| FLEEEEING.
  6157 | D:9      | 6157 ||| FLEEEEING.
  6158 | D:9      | 6158 ||| FLEEEEING.
  6159 | D:9      | 6159 ||| FLEEEEING.
  6160 | D:9      | 6160 ||| FLEEEEING.
  6161 | D:9      | 6161 ||| FLEEEEING.
  6162 | D:9      | 6162 ||| FLEEEEING.
  6163 | D:9      | 6163 ||| FLEEEEING.
  6164 | D:9      | 6164 ||| FLEEEEING.
  6165 | D:9      | 6165 ||| FLEEEEING.
  6166 | D:9      | 6166 ||| FLEEEEING.
  6167 | D:9      | 6167 ||| FLEEEEING.
  6174 | D:9      | Killed a cyclops
  6267 | D:9      | Received a gift from Okawaru
  6331 | D:9      | Reached XP level 11. HP: 68/68 MP: 16/16
  6334 | D:9      | 6334 ||| RETREEAATING.
  6338 | D:9      | 6338 ||| FLEEEEING.
  6339 | D:9      | 6339 ||| FLEEEEING.
  6340 | D:9      | 6340 ||| FLEEEEING.
  6341 | D:9      | 6341 ||| FLEEEEING.
  6343 | D:9      | 6343 ||| FLEEEEING.
  6344 | D:9      | 6344 ||| FLEEEEING.
  6425 | D:9      | Found a glowing golden altar of the Shining One.
  6516 | D:9      | Found a burning altar of Makhleb.
  6518 | D:9      | Noticed a green death
  6841 | D:10     | Entered Level 10 of the Dungeon
  6898 | D:10     | Noticed Erica
  6899 | D:10     | 6899 ||| RETREEAATING.
  6902 | D:10     | 6902 ||| STILL RETREEAATING.
  6903 | D:10     | 6903 ||| STILL RETREEAATING.
  6904 | D:10     | 6904 ||| STILL RETREEAATING.
  6905 | D:10     | 6905 ||| STILL RETREEAATING.
  6907 | D:10     | 6907 ||| RETREEAATING.
  6921 | D:10     | Reached skill level 9 in Invocations
  6923 | D:10     | 6923 ||| INVOKING Finesse.
  6949 | D:10     | Reached skill level 13 in Ranged Weapons
  6951 | D:10     | Killed Erica
  7034 | D:10     | Found a basalt altar of Yredelemnul.
  7068 | D:10     | Noticed Amaemon
  7069 | D:10     | 7069 ||| RETREEAATING.
  7071 | D:10     | 7071 ||| RETREEAATING.
  7075 | D:10     | 7075 ||| Stepping ~*~*~tactically~*~*~ (retreating).
  7076 | D:10     | 7076 ||| Stepping ~*~*~tactically~*~*~ (retreating).
  7077 | D:10     | 7077 ||| INVOKING Finesse.
  7097 | D:10     | Killed Amaemon
  7098 | D:10     | Reached skill level 9 in Fighting
  7134 | D:10     | Received a gift from Okawaru
  7190 | D:10     | 7190 ||| RETREEAATING.
  7192 | D:10     | 7192 ||| RETREEAATING.
  7223 | D:10     | 7223 ||| FLEEEEING.
  7224 | D:10     | 7224 ||| FLEEEEING.
  7225 | D:10     | 7225 ||| FLEEEEING.
  7226 | D:10     | 7226 ||| FLEEEEING.
  7227 | D:10     | 7227 ||| FLEEEEING.
  7278 | D:10     | Noticed a two-headed ogre
  7279 | D:10     | 7279 ||| INVOKING Finesse.
  7284 | D:10     | Killed a two-headed ogre
  7446 | D:10     | Noticed Harold
  7447 | D:10     | 7447 ||| INVOKING Finesse.
  7465 | D:10     | HP: 11/71 [Harold/+0 glaive (34)]
  7466 | D:10     | 7466 ||| DRINKING 2 potions of heal wounds.
  7467 | D:10     | 7467 ||| DRINKING potion of heal wounds.
  7469 | D:10     | Demolished by Harold

Levels and vault maps discovered:
D:1:      moated_graveyard_arrival, layout_basic, st_stairs_12, minmay_3d_cube
D:2:      layout_loops_cross, serial_shops, nicolae_lakefront_shop, basic_altar,
          ebering_dispersal_statue_hall
D:3:      layout_basic, lemuel_coloured_pillars_altar, gup_sewer_entry_bowl
D:4:      layout_basic, minmay_temple_entry_statues_fountains,
          corexii_item_surrounded_by_moat
D:5:      layout_cave_pools, nicolae_overflow_hidden_temple,
          nicolae_ru_the_path_less_chosen, nemelex_spade_bored_becter,
          dancing_weapons_uskayaw, uniq_prince_ribbit1
D:6:      layout_basic, uniq_menkaure
D:7:      cheibrodos_two_vegetables, layout_basic,
          mainiacjoe_overflow_small_starburst, kennysheep_generic_room_6
D:8:      cheibrodos_shockbox, layout_loops_ring, kennysheep_little_box,
          gammafunk_ghost_hydra_chop, serial_shops, shop
D:9:      layout_roguey, tso_altar, makhleb_altar_promises_db, serial_bayou,
          serial_bayou_pond_b, serial_bayou_shore_a, serial_bayou_ford_a,
          serial_bayou_pond_b
D:10:     layout_roguey, kennysheep_orc_sif_temple, yredelemnul_altar_generic,
          uniq_gastronok, uniq_amaemon, uniq_erica, uniq_harold
Temple:   jpeg_temple_clearing

Skill      XL: |  1  2  3  4  5  6  7  8  9 10 11 |
---------------+----------------------------------+-----
Ranged Weapons | 5 6 7 8 9 11 12 13 | 13.8
Fighting       | 3 4 6 8 9 |  9.0
Armour         | 1 2 3 |  3.1
Dodging        | 2 3 4 |  4.0
Invocations    | 3 4 7 10 | 10.0
Stealth        | |  1.1

Action                     |  1- 3 |  4- 6 |  7- 9 | 10-12 || total
---------------------------+-------+-------+-------+-------++-------
   Fire: Shortbow          |    99 |   111 |   213 |       ||   423
         Orcbow            |       |       |   151 |   452 ||   603
 Invoke: Heroism           |       |       |     2 |       ||     2
         Finesse           |       |       |       |     5 ||     5
    Use: Scroll            |     7 |     6 |     8 |     9 ||    30
         Potion            |     1 |     1 |       |     4 ||     6
 Armour: Leather armour    |    19 |       |    96 |   144 ||   259
         Ring mail         |       |     5 |       |       ||     5
         Robe              |       |    12 |     8 |       ||    20
  Dodge: Dodged            |    15 |    34 |   113 |   158 ||   320

Table legend:
 A = Non-vault XP
 B = Vault XP
 C = Vault XP percentage of total XP
 D = Non-vault monster count
 E = Vault monster count
 F = Vault count percentage of total count
                 A         B        C        D         E       F
            +---------+---------+-------+---------+---------+-------
      Total |   13281 |    4524 |  25.4 |     221 |      30 |  12.0
            +---------+---------+-------+---------+---------+-------
        D:1 |      36 |      14 |  28.0 |      22 |       7 |  24.1
        D:2 |      28 |       0 |   0.0 |       8 |       0 |   0.0
        D:3 |      77 |      23 |  23.0 |      15 |       4 |  21.1
        D:4 |     590 |       0 |   0.0 |      25 |       0 |   0.0
        D:5 |     356 |     255 |  41.7 |      13 |       1 |   7.1
        D:6 |    1396 |     172 |  11.0 |      30 |       1 |   3.2
        D:7 |     979 |    1123 |  53.4 |      23 |      10 |  30.3
        D:8 |    2529 |       0 |   0.0 |      37 |       0 |   0.0
        D:9 |    2594 |     911 |  26.0 |      30 |       4 |  11.8
       D:10 |    4696 |    2026 |  30.1 |      18 |       3 |  14.3
            +---------+---------+-------+---------+---------+-------
